 Dungeon Crawl Stone Soup version 0.31-a0-983-g7b6862f502 (webtiles) character file.

Game seed: 2119448544330775757

938 IdlyInterested the Changeling (level 7, -1/48 HPs)
             Began as a Demonspawn Shapeshifter on Nov 2, 2023.
             Slain by a kobold brigand
             ... wielding the +1 dagger of Compassion {distort, Contam rElec Will+ SInv}
              (12 damage)
             ... on level 5 of the Dungeon.
             The game lasted 00:12:55 (4769 turns).

IdlyInterested the Changeling (DsSh)                Turns: 4769, Time: 00:12:56

Health: -1/48      AC: 15    Str: 14    XL:     7   Next: 87%
Magic:  7/7        EV:  7    Int: 12    God:
Gold:   166        SH:  0    Dex: 14    Spells: 6/6 levels left

rFire   . .          .
                       - Unarmed
rCold   . . .        (shield currently unavailable)
rNeg    . . .        L - +0 chain mail
rPois   .            (helmet restricted)
rElec   .            (no cloak)
rCorr   .            t - +0 pair of gloves
SInv    .            (no boots)
Will    .....        (no amulet) Stlth
                     (no ring)
HPRegen 0.28/turn    (no ring)
MPRegen 0.10/turn

%: no passive effects
@: flux-form, sanguine armoured, glowing
A: glow, contaminating, horns 1, ignite blood 1, powered by pain 1, sanguine
armour 1
a: Begin Untransformation


You were on level 5 of the Dungeon.
You were something dangerously unstable.
You visited 1 branch of the dungeon, and saw 5 of its levels.

You collected 265 gold pieces.
You spent 99 gold pieces at shops.

Inventory:

Hand Weapons
 p - a +0 spear
 u - a +2 vampiric war axe
 I - the +5 Force Lance {heavy, knockback}
   (You found it on level 4 of the Dungeon)
Missiles
 e - 9 poisoned darts
 r - 36 stones (quivered)
 F - 2 javelins
Armour
 a - a +0 animal skin
 j - a +0 scale mail
 s - a +0 ring mail
 t - a +0 pair of gloves (worn)
 w - a +0 helmet
 L - a +0 chain mail (worn)
Talismans
 c - a beast talisman
 d - a flux talisman (active)
Wands
 B - a wand of roots (10)
 M - a wand of flame (14)
Scrolls
 g - 2 scrolls of fear
 h - a scroll of poison
 k - a scroll of torment
 o - a scroll of revelation
 q - a scroll of silence {unknown}
 v - a scroll of brand weapon
 y - a scroll of vulnerability
 C - 2 scrolls of blinking
Potions
 b - 2 potions of lignification
 f - 5 potions of heal wounds {unknown}
 i - a potion of might {unknown}
 l - a potion of attraction {unknown}
 m - a potion of ambrosia {unknown}
 n - a potion of berserk rage {unknown}
 z - 2 potions of brilliance {unknown}
 A - 2 potions of enlightenment {unknown}
 D - 4 potions of curing {unknown}
 G - a potion of mutation {unknown}
 K - a potion of degeneration {unknown}


   Skills:
 - Level 1.0 Fighting
 * Level 3.3 Polearms
 - Level 1.7 Dodging
 - Level 2.6 Unarmed Combat
 + Level 7.3 Shapeshifting


You had 6 spell levels left.
You didn't know any spells.
Your spell library contained the following spells:

 Spells                   Type           Power      Damage    Failure   Level
 Apportation              Tloc           0%         N/A       100%        1
 Cigotuvi's Dreadful Rot  Necr/Pois/Air  0%         N/A       100%        2
 Jinxbite                 Hex            0%         N/A       100%        2
 Poisonous Vapours        Pois/Air       0%         N/A       100%        2
 Ignite Poison            Fire/Tmut/Pois 0%         N/A       100%        3
 Mephitic Cloud           Conj/Pois/Air  0%         N/A       100%        3
 Alistair's Intoxication  Tmut/Pois      0%         N/A       100%        5
 Freezing Cloud           Conj/Ice/Air   0%         6-21      100%        5


Dungeon Overview and Level Annotations

Branches:
Dungeon (5/15)
 Temple: D:4-7

Altars:
Cheibriados
Fedhas
Nemelex Xobeh
Okawaru
Sif Muna
Xom
Lugonu

Shops:
D:4 *!(

Portals:
Abyss: D:5


Innate Abilities, Weirdness & Mutations

You are something dangerously unstable.
You glow with magical radiation, making you easy to see and hit.
Foes you strike become dangerously contaminated with magical radiation.
You are incapable of wielding weapons or throwing items.
You have a pair of small horns on your head.
Your demonic aura sometimes causes spilled blood to erupt in flames.
You sometimes gain a little power by taking damage.
When seriously injured, your blood forms armour. (AC +6)


Message History

You can't do that in your present form.
You can't do that in your present form.
Aiming: Fastroot
Press: ? - help, Shift-Dir - straight line The roots erupt in riotous growth!
Roots grab the kobold. x3
The grasping roots constrict the kobold. x2
You kill the kobold!
The grasping roots constrict the kobold.
You kill the kobold!
The kobold struggles to escape constriction.
The grasping roots constrict the kobold.
You kill the kobold!
You start resting.
A kobold brigand is nearby!
The kobold brigand shouts!
You start resting.
A kobold brigand is nearby!
Aiming: Throw Flame
Press: ? - help, Shift-Dir - straight line, f - kobold brigand
Aim: a kobold brigand, wielding the +1 dagger of Compassion {distort, Contam rElec Will+ SInv} and quivering poisoned darts (60% to hit)
The puff of flame hits the kobold brigand.
The kobold brigand is lightly wounded.
You hit the kobold brigand but do no damage.
The kobold brigand begins to glow.
The kobold brigand is lightly wounded.
The kobold brigand hits you with the +1 dagger of Compassion {distort, Contam rElec Will+ SInv}.
Space warps horribly around you!!
* * * LOW HITPOINT WARNING * * *
You hit the kobold brigand.
The kobold brigand glows dangerously bright.
The kobold brigand is moderately wounded.
The kobold brigand hits you but does no damage.
You hit the kobold brigand but do no damage.
The kobold brigand shudders as magic cascades through it!
The kobold brigand twists and deforms.
The kobold brigand is severely wounded.
The kobold brigand hits you but does no damage.
Space warps horribly around you!
You die...

# #.# ##...##
############# #
#.# ##..#..#
###'####..##..#
##....##.###''#
##.......#*#..#*
##.....###.#).)###
##.....#.#....)..#
##.....##..._..K##
##.....#..§§§..#p#
##....###,#?#..###
##.....#*##§###*
..#.##.###..§##
..#.##.##..∩..*
....##.###KKK**
##..##..######
....###.##...#
.#.## #..#..##


You could see a kobold brigand (misshapen).

Vanquished Creatures
  Eustachio (D:5)
  Edmund (D:5)
  A black bear (D:5)
  Blork the orc (D:4)
  A scorpion (D:4)
  2 howler monkeys
  2 hounds (D:5)
  Jessica (D:2)
  An iguana (D:5)
  A sleepcap (D:5)
  Natasha (thrice) (D:2)
  Robin (D:2)
  7 adders
  5 worms
  2 dart slugs
  5 orcs
  4 bats
  4 endoplasms
  4 giant cockroaches
  8 goblins
  10 hobgoblins
  6 jackals
  12 kobolds
  A quokka (D:5)
  10 ball pythons
  3 frilled lizards
  11 rats
108 creatures vanquished.

Notes
Turn   | Place    | Note
-------+----------+-------------------------------------------
     0 | D:1      | IdlyInterested the Demonspawn Shapeshifter began the quest
                  | for the Orb.
     0 | D:1      | Reached XP level 1. HP: 15/15 MP: 1/1
    70 | D:1      | Reached skill level 3 in Shapeshifting
   119 | D:1      | Gained mutation: When seriously injured, your blood forms
                  | armour. (AC +6) [demonic ancestry]
   119 | D:1      | Reached XP level 2. HP: 21/21 MP: 2/2
   850 | D:2      | Reached XP level 3. HP: 22/26 MP: 3/3
  1085 | D:2      | Noticed Jessica
  1089 | D:2      | Killed Jessica
  1090 | D:2      | Reached skill level 4 in Shapeshifting
  1102 | D:2      | Gained mutation: Your demonic aura sometimes causes spilled
                  | blood to erupt in flames. [demonic ancestry]
  1102 | D:2      | Reached XP level 4. HP: 17/32 MP: 4/4
  1201 | D:2      | Noticed Robin
  1215 | D:2      | Killed Robin
  1608 | D:2      | Noticed Natasha
  1618 | D:2      | Killed Natasha
  1912 | D:2      | Noticed Natasha
  1936 | D:2      | Killed Natasha
  1937 | D:2      | Reached skill level 5 in Shapeshifting
  1937 | D:2      | Reached XP level 5. HP: 28/37 MP: 5/5
  2143 | D:2      | Noticed Natasha
  2157 | D:2      | Killed Natasha
  2277 | D:3      | Found a faded altar of an unknown god.
  2860 | D:3      | Found a blossoming altar of Fedhas.
  3096 | D:4      | Noticed Blork the orc
  3109 | D:4      | Killed Blork the orc
  3110 | D:4      | Gained mutation: You have a pair of small horns on your
                  | head. [demonic ancestry]
  3110 | D:4      | Reached XP level 6. HP: 31/43 MP: 6/6
  3180 | D:4      | Found the +5 Force Lance {heavy, knockback}
  3189 | D:4      | Found an iron altar of Okawaru.
  3206 | D:4      | Reached skill level 6 in Shapeshifting
  3355 | D:4      | Found a snail-covered altar of Cheibriados.
  3425 | D:4      | Found Fuphuar's Distillery.
  3466 | D:4      | Found Buka's Assorted Antiques.
  3468 | D:4      | Found Puoch's Antique Weapon Emporium.
  3547 | D:4      | Found a sparkling altar of Nemelex Xobeh.
  3626 | D:4      | Found a shimmering altar of Xom.
  4073 | D:4      | Found a shimmering blue altar of Sif Muna.
  4120 | D:4      | Bought a scroll labelled WIEMIY BYEPS for 33 gold pieces
  4120 | D:4      | Bought a scroll labelled JILIUPRYTY for 33 gold pieces
  4120 | D:4      | Bought a scroll labelled HAOXEL NYXI for 33 gold pieces
  4133 | D:5      | Entered Level 5 of the Dungeon
  4330 | D:5      | Reached skill level 7 in Shapeshifting
  4330 | D:5      | Gained mutation: You sometimes gain a little power by
                  | taking damage. [demonic ancestry]
  4330 | D:5      | Reached XP level 7. HP: 44/48 MP: 7/7
  4387 | D:5      | Noticed Eustachio
  4399 | D:5      | Killed Eustachio
  4400 | D:5      | Reached skill level 1 in Polearms
  4600 | D:5      | Found a one-way gate to the infinite horrors of the Abyss.
  4600 | D:5      | Identified the +1 dagger of Compassion {distort, Contam
                  | rElec Will+ SInv}
  4621 | D:5      | Noticed Edmund
  4635 | D:5      | Killed Edmund
  4748 | D:5      | Found a large runed translucent door.
  4748 | D:5      | Found a large runed translucent door.
  4748 | D:5      | Found a corrupted altar of Lugonu.
  4769 | D:5      | Slain by a kobold brigand

Illustrated notes

Levels and vault maps discovered:
D:1:      evilmike_arrival_crescent, layout_loops_ring,
          chequers_decorated_corner
D:2:      layout_loops_ring, uniq_natasha, uniq_robin, uniq_jessica
D:3:      layout_loops_ring, lemuel_tele_altar,
          hellmonk_ecumenical_altar_pennies_from_heaven,
          kennysheep_generic_room_4
D:4:      layout_loops_cross, nemelex_xobeh_ov_fountains_minmay,
          kennysheep_mini, okawaru_ov_weapons_minmay, mainiacjoe_overflow_swirl,
          mainiacjoe_overflow_six_doors_small, hex_tiny,
          nicolae_wooded_promenade, minmay_distorted, uniq_blork_the_orc
D:5:      due_chaos_kobolds, layout_basic, uniq_edmund, uniq_eustachio

Skill      XL: |  1  2  3  4  5  6  7 |
---------------+----------------------+-----
Shapeshifting  | 3 4 5 7 |  7.3
Polearms       | 3 |  3.3
Fighting       | |  1.0
Dodging        | |  1.7
Unarmed Combat | |  2.6

Action                     |  1- 3 |  4- 6 |  7- 9 || total
---------------------------+-------+-------+-------++-------
  Melee: Unarmed           |   122 |   209 |    74 ||   405
         Punch             |     1 |     8 |       ||     9
         Headbutt          |       |    14 |    16 ||    30
  Throw: Stone             |       |     5 |       ||     5
  Evoke: Wand              |       |     1 |     2 ||     3
    Use: Scroll            |       |     8 |       ||     8
   Stab: Sleeping          |     2 |       |       ||     2
 Armour: Animal skin       |    15 |       |       ||    15
         Scale mail        |    40 |   103 |       ||   143
         Chain mail        |       |    13 |    63 ||    76
  Dodge: Dodged            |    48 |   101 |    24 ||   173
   Form: Beast             |     2 |     1 |       ||     3
                           |     1 |     1 |       ||     2
         Flux              |       |       |     1 ||     1

Table legend: (Time is in decaauts)
 A = Elapsed time spent in this place.
 B = Non-inter-level travel time spent in this place.
 C = Inter-level travel time spent in this place.
 D = Time resting spent in this place.
 E = Time spent auto-exploring this place.
 F = Levels seen in this place.
 G = Mean time per level.
                   A        B        C        D        E       F      G
               +--------+--------+--------+--------+--------+-----+--------+
         Total |   4756 |   4433 |    323 |    616 |   2616 |   5 |  951.2 |
       Dungeon |   4756 |   4433 |    323 |    616 |   2616 |   5 |  951.2 |
               +--------+--------+--------+--------+--------+-----+--------+

Top non-repeatable levels by time:
     D:2: 1333 daAuts
     D:4: 1166 daAuts
     D:1: 904 daAuts
     D:3: 720 daAuts
     D:5: 631 daAuts
